 Dungeon Crawl Stone Soup version 0.23-a0-417-gf02c810438 (console) character file.

183 Gottschkopf the Changer (level 5, -3/40 HPs)
             Began as a Draconian Transmuter on Nov 10, 2018.
             Slain by an iguana (10 damage)
             ... on level 2 of the Dungeon.
             The game lasted 00:05:08 (2170 turns).

Gottschkopf the Changer (Draconian Transmuter)      Turns: 2170, Time: 00:05:09

Health: -3/40      AC:  6    Str: 13    XL:     5   Next: 35%
Magic:  5/8        EV: 12    Int: 14    God:
Gold:   90         SH:  0    Dex: 11    Spells: 4/8 levels left

rFire    . . .     SeeInvis .     - Unarmed
rCold    . . .     Gourm    .   (no shield)
rNeg     . . .     Faith    .   (armour unavailable)
rPois    .         Spirit   .   (helmet restricted)
rElec    .         Reflect  .   (no cloak)
rCorr    .         Harm     .   (no gloves)
MR       .....                  e - +0 pair of boots
Stlth    +.........             (no amulet)
HPRegen  0.13/turn              (no ring)
MPRegen  0.11/turn              (no ring)

@: appendage, very slightly contaminated
A: unfitting armour, horns 2, cold-blooded, AC +5
a: End Transformation


You were on level 2 of the Dungeon.
You were not hungry.
You had grown temporary horns.
You visited 1 branch of the dungeon, and saw 2 of its levels.

You collected 90 gold pieces.

Inventory:

Missiles
 a - 27 arrows
Armour
 e - a +0 pair of boots (worn)
Scrolls
 d - 7 scrolls of identify {unknown}
 f - 2 scrolls of teleportation {unknown}
 g - a scroll of amnesia {unknown}
 i - a scroll of blinking {unknown}
 j - a scroll of remove curse {unknown}
 k - 2 scrolls of fear {unknown}
 q - a scroll of enchant armour {unknown}
Potions
 b - a potion of flight {unknown}
 h - 3 potions of curing {unknown}
 l - 2 potions of ambrosia {unknown}
 m - 2 potions of berserk rage {unknown}
 n - a potion of magic {unknown}
 p - 2 potions of heal wounds {unknown}
Comestibles
 c - 6 rations
 o - 5 chunks of flesh


   Skills:
 - Level 1.1 Fighting
 - Level 1.7 Dodging
 - Level 3.0 Unarmed Combat
 - Level 2.0 Spellcasting
 + Level 5.7 Transmutations


You had 4 spell levels left.
You knew the following spells:

 Your Spells              Type           Power        Failure   Level  Hunger
a - Beastly Appendage     Tmut           ###...       2%          1    ##.....
b - Spider Form           Tmut/Pois      #.........   22%         3    ####...

Your spell library contained the following spells:

 Spells                   Type           Power        Failure   Level  Hunger
 Sticks to Snakes         Tmut           ###.....     3%          2    ###....
 Ice Form                 Ice/Tmut       #.......     58%         4    #####..
 Blade Hands              Tmut           ###.......   54%         5    ######.


Dungeon Overview and Level Annotations

Branches:
Dungeon (2/15)

Altars:
Wu Jian


Innate Abilities, Weirdness & Mutations

Your plain brown scales are hard. (AC +5)
You cannot fit into any form of body armour.
You are cold-blooded and may be slowed by cold attacks.
You have a pair of horns on your head.


Message History

You barely miss the iguana.
The iguana is moderately wounded.
The iguana bites you.
You closely miss the iguana.
Your tail-slap misses the iguana.
The iguana is moderately wounded.
The iguana barely misses you.
You hit the iguana but do no damage.
The iguana is moderately wounded.
The iguana bites you!
You hit the iguana.
You headbutt the iguana, but do no damage.
The iguana is moderately wounded.
The iguana bites you!
* * * LOW HITPOINT WARNING * * *
Casting: Beastly Appendage (safe; 2% risk of failure)
Confirm with . or Enter, or press ? or * to list all spells.
You miscast Spider Form.
You are very lightly contaminated with residual magic.
You feel slightly ill. The iguana bites you!
You die...

....# #.###...........
##.... ..# ##....#####.
# ### ##+#.# #. #####
#.#.# ###. ##....# #.#.#
#... #......## ##.#.#
#.#. ..#.##..### ##....#
#.#รท
...#.#..'.###.....###.#.
?.#.#.l@'............>..
..##.#..#####.#.#####.##
#......## #.........#
##....# ###.#######
##### #.# #.# #.######
#.##...## #.#.....##


You could see an iguana.

Vanquished Creatures
  Natasha (thrice) (D:1)
  A worker ant (D:2)
  Robin (D:1)
  An adder (D:2)
  An orc (D:2)
  A ball python (D:2)
  9 bats
  6 giant cockroaches
  15 goblins
  9 hobgoblins
  4 kobolds
  3 frilled lizards (D:1)
  7 rats
61 creatures vanquished.

Notes
Turn   | Place    | Note
-------+----------+-------------------------------------------
     0 | D:1      | Gottschkopf the Draconian Transmuter began the quest for
                  | the Orb.
     0 | D:1      | Reached XP level 1. HP: 16/16 MP: 3/3
   110 | D:1      | Reached XP level 2. HP: 23/23 MP: 3/5
   202 | D:1      | Reached skill level 3 in Transmutations
   600 | D:2      | Reached skill level 4 in Transmutations
   600 | D:2      | Reached XP level 3. HP: 9/28 MP: 4/6
  1176 | D:2      | Reached XP level 4. HP: 35/35 MP: 5/7
  1198 | D:2      | Learned a level 3 spell: Spider Form
  1212 | D:2      | Noticed Robin
  1219 | D:2      | Noticed Natasha
  1371 | D:1      | Killed Robin
  1458 | D:1      | Killed Natasha
  1458 | D:1      | Reached skill level 5 in Transmutations
  1481 | D:1      | Noticed Natasha
  1490 | D:1      | Killed Natasha
  1490 | D:1      | Reached XP level 5. HP: 22/40 MP: 2/8
  1682 | D:1      | Noticed Natasha
  1691 | D:1      | Killed Natasha
  2126 | D:2      | Found an ornate altar of the Wu Jian Council.
  2170 | D:2      | Slain by an iguana

Vault maps used:
D:1:      mrwooster_arrival_statue_3, minmay_statues_item
D:2:      nicolae_overflow_hidden_temple, first_ration,
          kennysheep_generic_room_3, uniq_natasha, uniq_robin

Skill      XL: |  1  2  3  4 |
---------------+-------------+-----
Transmutations | 4 5 |  5.7
Fighting       | |  1.1
Dodging        | |  1.7
Unarmed Combat | |  3.0
Spellcasting   | |  2.0

Action                   |  1- 3 |  4- 6 || total
-------------------------+-------+-------++-------
Melee: Unarmed           |    92 |   101 ||   193
       Tailslap          |     6 |     5 ||    11
       Headbutt          |    15 |    10 ||    25
       Punch             |     1 |     2 ||     3
 Cast: Beastly Appendage |    26 |    16 ||    42
       Spider Form       |       |     5 ||     5
  Eat: Chunk             |     1 |     5 ||     6
Armor: Skin              |    33 |    32 ||    65
Dodge: Dodged            |    70 |    77 ||   147

Table legend:
 A = Non-vault XP
 B = Vault XP
 C = Vault XP percentage of total XP
 D = Non-vault monster count
 E = Vault monster count
 F = Vault count percentage of total count
                 A         B        C        D         E       F
            +---------+---------+-------+---------+---------+-------
      Total |     190 |      72 |  27.5 |      48 |      13 |  21.3
            +---------+---------+-------+---------+---------+-------
        D:1 |     108 |      57 |  34.5 |      26 |       5 |  16.1
        D:2 |      82 |      15 |  15.5 |      22 |       8 |  26.7
            +---------+---------+-------+---------+---------+-------
